 Dungeon Crawl Stone Soup version 0.30.0 (webtiles) character file.

Game seed: 2456680885553278545

144685 Ubbricas the Impassioned (level 17, -4/93 HPs)
             Began as a Vine Stalker Fighter on May 18, 2023.
             Was a Follower of Uskayaw.
             Succumbed to a +2 glaive of venom's poison
             ... on level 2 of the Elven Halls.
             The game lasted 00:58:07 (23275 turns).

Ubbricas the Impassioned (Vine Stalker Fighter)    Turns: 23275, Time: 00:58:08

Health: -4/93      AC: 24    Str: 25    XL:     17   Next: 40%
Magic:  0/30       EV: 12    Int: 11    God:    Uskayaw [*.....]
Gold:   1500       SH: 11    Dex: 14    Spells: 16/16 levels left

rFire   + . .        f - +1 rapier (elec)
rCold   . . .        P - +0 kite shield
rNeg    + . .        c - +5 ring mail of Nice Lucidity {Harm rF+ rCorr}
rPois   +            m - +0 helmet {Int+3}
rElec   .            i - +1 cloak of Cygo {rPois rN+ Regen+ Dex-2}
rCorr   +            r - +2 pair of gloves
SInv    .            h - +0 pair of boots
Will    ++...        W - amulet of faith
Stlth   +            J - +4 ring of slaying
HPRegen 1.95/turn    q - +4 ring of protection
MPRegen 0.22/turn

%: harm (+30% outgoing, +20% incoming), guardian spirit, faith
@: lethally poisoned (-4 -> -16), hasted, studying 2 skills, very quick
A: fangs 3, regeneration 1, magic shield, antimagic bite, no potion heal 2
a: Renounce Religion, Stomp


You were on level 2 of the Elven Halls.
You worshipped Uskayaw.
Uskayaw was most pleased with you.
You visited 5 branches of the dungeon, and saw 25 of its levels.
You also visited: Sewer and Volcano.

You collected 3311 gold pieces.
You spent 1811 gold pieces at shops.

Inventory:

Hand Weapons
 a - a +1 rapier of protection
 f - a +1 rapier of electrocution (weapon)
 O - a +5 dagger of draining
Missiles
 E - 10 poisoned darts
 F - 6 curare-tipped darts
 L - 12 boomerangs (quivered)
 R - 2 datura-tipped darts
 S - 7 javelins
 Z - 2 silver boomerangs
Armour
 c - the +5 ring mail of Nice Lucidity (worn) {Harm rF+ rCorr}
   (You bought it in a shop on level 2 of the Orcish Mines)

   rF:        It protects you from fire.
   rCorr:     It protects you from acid and corrosion.
   Harm:      It increases damage dealt and taken.
 h - a +0 pair of boots (worn)
 i - the +1 cloak of Cygo (worn) {rPois rN+ Regen+ Dex-2}
   (You bought it in a shop on level 10 of the Dungeon)

   Dex:       It affects your dexterity (-2).
   rPois:     It protects you from poison.
   rN:        It protects you from negative energy.
   Regen:     It increases your rate of health regeneration.
 k - the +4 ring mail "Usaamur" {rF- rC++ Str+5}
   (You bought it in a shop on level 2 of the Orcish Mines)

   Str:       It affects your strength (+5).
   rF:        It makes you vulnerable to fire.
   rC:        It greatly protects you from cold.
 m - a +0 helmet of intelligence (worn)
 r - a +2 pair of gloves (worn)
 M - +0 storm dragon scales
 P - a +0 kite shield (worn)
Jewellery
 q - a +4 ring of protection (right hand)
 C - a ring of resist corrosion
 J - a +4 ring of slaying (left hand)
 W - an amulet of faith (around neck)
Wands
 n - a wand of quicksilver (5)
 p - a wand of digging (10)
 y - a wand of paralysis (44)
 G - a wand of mindburst (18)
 I - a wand of flame (58)
 Y - a wand of roots (5)
Scrolls
 b - 3 scrolls of poison
 g - 2 scrolls of blinking
 j - 5 scrolls of fog
 o - 9 scrolls of teleportation
 s - 3 scrolls of silence
 u - 2 scrolls of fear
 z - 6 scrolls of enchant weapon
 B - a scroll of enchant armour
 Q - 2 scrolls of magic mapping
 T - a scroll of butterflies
 U - 4 scrolls of identify
 V - 3 scrolls of brand weapon
 X - 5 scrolls of amnesia
Potions
 d - 3 potions of might
 e - 15 potions of curing
 l - 3 potions of ambrosia
 t - 9 potions of mutation
 v - a potion of resistance
 w - 4 potions of invisibility
 x - 7 potions of haste
 A - 5 potions of magic
 D - 4 potions of cancellation
 H - 4 potions of flight
 K - 5 potions of lignification
 N - 5 potions of brilliance


   Skills:
 + Level 11.7 Fighting
 + Level 13.6 Short Blades
 + Level 4.9 Throwing
 + Level 9.5 Armour
 - Level 4.0 Dodging
 + Level 10.1 Shields
 * Level 16.8 Invocations
 + Level 7.4 Evocations


You had 16 spell levels left.
You didn't know any spells.
Your spell library contained the following spells:

 Spells                   Type           Power      Damage    Failure   Level
 Magic Dart               Conj           0%         1d3       65%         1
 Slow                     Hex            0%         N/A       65%         1
 Scorch                   Fire           0%         2d5       78%         2
 Searing Ray              Conj           0%         2d4       78%         2
 Call Canine Familiar     Summ           0%         N/A       95%         3
 Confusing Touch          Hex            0%         N/A       95%         3
 Dazzling Flash           Conj/Hex       0%         N/A       95%         3
 Mephitic Cloud           Conj/Pois/Air  0%         N/A       95%         3
 Portal Projectile        Hex/Tloc       0%         N/A       95%         3
 Vampiric Draining        Necr           0%         2d6       95%         3
 Volatile Blastmotes      Fire/Tloc      0%         2d10      95%         3
 Flame Wave               Conj/Fire      0%         2d4       100%        4
 Fulminant Prism          Conj/Hex       0%         3d5       100%        4
 Iskenderun's Mystic Bla  Conj/Tloc      0%         2d3       100%        4
 Leda's Liquefaction      Hex/Erth       0%         N/A       100%        4
 Agony                    Necr           0%         N/A       100%        5
 Iskenderun's Battlesphe  Conj           0%         2d6       100%        5
 Silence                  Hex/Air        0%         N/A       100%        5
 Iron Shot                Conj/Erth      0%         9d1       100%        6
 Starburst                Conj/Fire      0%         6d3       100%        6
 Summon Cactus Giant      Summ           0%         N/A       100%        6
 Malign Gateway           Summ/Tloc      0%         N/A       100%        7
 Spellforged Servitor     Conj/Summ      0%         N/A       100%        7


Dungeon Overview and Level Annotations

Branches:
Dungeon (15/15)            Temple (1/1) D:6            Lair (5/5) D:8
 Shoals (0/4) Lair:3        Snake (0/4) Lair:2        Slime (0/5) Lair:5
    Orc (2/2) D:10            Elf (2/3) Orc:2        Vaults (0/5) D:14
 Depths (0/4) D:15          Sewer (visited)         Volcano (visited)

Altars:
Ashenzari
Dithmenos
Fedhas
Gozag
Hepliaklqana
Kikubaaqudgha
Okawaru
Qazlal
Ru
Sif Muna
Trog
Uskayaw
Vehumet
Wu Jian
Zin

Shops:
D:10 [   Orc:2 [*:!=

Portals:
Pandemonium: Orc:2
Trove: D:15 (give +4 storm dragon scales)

Annotations:
Lair:2 1 runed translucent door, SEAkua's ghost, journeyman MiFi
Elf:1 4 transporters
Elf:2 Aizul; Roxanne


Innate Abilities, Weirdness & Mutations

You have razor-sharp teeth.
Your natural rate of healing is unusually fast.
When hurt, damage is shared between your health and your magic reserves.
Your bite disrupts and absorbs the magic of your enemies.
Potions cannot restore your health.


Message History

There is a large open door, spattered with blood here.
Things that are here:
a +0 short sword; a +1 vampiric hand axe; an elf corpse
There is an open translucent gate here.
Aizul coils herself and waves her upper body at you.
The bolt of poison hits you. You resist.
Aizul says, "Sweet dreams!"
The +2 glaive of venom hits you but does no damage.
You are poisoned.
Aizul coils herself and waves her upper body at you.
You fall asleep.
You feel sick. Aizul hits you but does no damage.
The +2 glaive of venom hits you from afar!!!
You wake up.
There is an open translucent gate, spattered with blood here.
You hit Aizul but do no damage. Your bite misses Aizul.
You feel sick. Aizul hits you!
The +2 glaive of venom hits you from afar!
Unknown command.
Unknown command.
You feel yourself speed up.
You feel sick.
Aizul coils herself and waves her upper body at you.
The bolt of poison misses you.
You block the +2 glaive of venom's attack.
Aizul hits you!
* * * LOW HITPOINT WARNING * * *
Unknown command.
You hit Aizul. Your bite misses Aizul.
Aizul is lightly wounded.
You hit Aizul.
Aizul is lightly wounded.
The +2 glaive of venom hits you from afar!!
* * * LOW HITPOINT WARNING * * *
You are more poisoned.
You block Aizul's attack.
Unknown command.
Blink to where?
Press: ? - help, Dir - move target
As you read the scroll of blinking, it crumbles to dust.
You die...

##'...####.....## ...###..
###....[# ##.<.## #...#...
..'.....############### ##.......
###.....#.............###........
##...##.#.#.#.#.#.#.##.........
###.##.............##.........
#.##.#..###'#######......... ###
#.##...##....#...##'........ #.##
#....#.#...@.#..)'.'#.......
...#####....#.....))).).##..S....
....# ##)#.#.....#)..§S)#.......
...## #...##....#...##(........
#.## #.#.)###'#######.........
### #))....)......##.........
#.#.#.#.#.#.#.##.........
######.............###........
##...################ ##.......


You could see Aizul.

Vanquished Creatures
  Jorgrun (D:14)
  Gastronok (D:11)
  A storm dragon (Elf:1)
  Kirke (Elf:1)
  Donald (Elf:2)
  A shadow dragon (Elf:1)
  Nessos (D:14)
  A dire elephant (D:15)
  3 deep elf demonologists (Elf:1)
  Snorg (Lair:3)
  2 fire dragons
  A vault guard (D:15)
  An ice dragon (Elf:1)
  3 demonspawn (Orc:2)
  9 hydras
  A catoblepas (D:15)
  2 death knights (D:15)
  5 centaur warriors
  5 boulder beetles
  3 death yaks (Lair:5)
  15 dancing weapons
  5 tengu warriors
  9 orc high priests
  6 two-headed ogres
  Urug (D:14)
  A fire crab (D:14)
  A hell knight (Volcano)
  A sun demon (Volcano)
  7 deep elf knights
  7 skeletal warriors
  Amaemon (D:10)
  A skyshark (Lair:3)
  3 lindwurms (Lair:5)
  7 deep elf archers
  A wizard (D:14)
  23 deep elf pyromancers
  21 deep elf zephyrmancers
  6 orc knights
  6 cyclopes
  A wolf spider (D:15)
  9 orc sorcerers
  7 ugly things
  6 manticores
  A salamander (Lair:2)
  11 elephants
  Joseph (D:7)
  Maurice (D:9)
  6 black mambas
  2 orange demons
  10 cane toads
  5 torpor snails (Lair:5)
  9 komodo dragons
  4 rime drakes
  3 unseen horrors
  An ice devil (Orc:2)
  A tengu conjurer (D:13)
  A freezing wraith (D:15)
  3 trolls
  A hellwing (Orc:2)
  3 meliai (D:15)
  3 red devils
  3 tyrant leeches (Lair:5)
  4 polar bears
  7 hornets (Lair:5)
  Prince Ribbit (D:6)
  7 blink frogs
  A centaur simulacrum (D:15)
  A snapping turtle (Lair:3)
  8 slime creatures
  Sigmund (D:2)
  2 vampires
  An air elemental (Elf:2)
  2 wraiths
  26 yaks
  A culicivora (shapeshifter) (D:14)
  2 water elementals
  2 basilisks
  3 fire bats (Lair:1)
  Eustachio (D:6)
  A chaos spawn (Orc:2)
  A hog (Elf:1)
  15 humans (D:14)
  7 vampire mosquitoes
  2 steam dragons (D:6)
  2 fire elementals
  3 wargs
  Menkaure (D:6)
  3 acid dragons
  12 water moccasins
  A hell hound (Volcano)
  33 orc warriors
  A sky beast (D:4)
  3 ice beasts
  6 ogres
  10 centaurs
  12 wolves
  A phantom (D:5)
  A kobold brigand (D:5)
  2 earth elementals (Elf:1)
  15 bullfrogs
  5 necrophages (Lair:4)
  2 gnoll sergeants
  4 scorpions
  3 wights (D:8)
  18 killer bees
  4 howler monkeys
  4 lava snakes
  2 hounds
  A gnoll bouda (D:10)
  27 orc priests
  11 jellies
  14 orc wizards
  3 iguanas
  Robin (D:1)
  7 gnolls
  6 adders
  A river rat (Sewer)
  3 white imps
  3 ufetubi
  5 worms
  2 dart slugs (D:3)
  81 orcs
  10 ball pythons
  16 endoplasms
  4 giant cockroaches
  8 goblins
  7 hobgoblins
  3 jackals (D:1)
  A quokka (D:1)
  3 bats
  10 frilled lizards
  12 kobolds
  4 rats
745 creatures vanquished.

Vanquished Creatures (others)
  A deep elf knight (Elf:1)
  3 humans
  An orc wizard (Elf:1)
  An orc (Elf:1)
  6 fungi
  52 plants
64 creatures vanquished.

Grand Total: 809 creatures vanquished

Notes
Turn   | Place    | Note
-------+----------+-------------------------------------------
     0 | D:1      | Ubbricas the Vine Stalker Fighter began the quest for the
                  | Orb.
     0 | D:1      | Reached XP level 1. HP: 11/11 MP: 2/2
    54 | D:1      | Reached XP level 2. HP: 15/16 MP: 3/3
   201 | D:1      | Found a faded altar of an unknown god.
   237 | D:1      | Reached XP level 3. HP: 10/19 MP: 2/4
   508 | D:2      | Noticed Sigmund
   586 | D:2      | Found a bloodstained altar of Trog.
   613 | D:2      | Noticed Robin
   639 | D:1      | Killed Robin
   672 | D:2      | Gained mutation: Your natural rate of healing is unusually
                  | fast. [Vine Stalker growth]
   672 | D:2      | Reached XP level 4. HP: 19/23 MP: 5/5
   915 | D:3      | Noticed a scorpion
  1051 | D:3      | Found a glowing drain.
  1078 | Sewer    | Entered a sewer
  1241 | Sewer    | Reached XP level 5. HP: 22/27 MP: 6/6
  1276 | Sewer    | Reached skill level 5 in Short Blades
  1293 | Sewer    | Found a shimmering altar of Xom.
  1405 | Sewer    | Reached XP level 6. HP: 29/32 MP: 5/7
  2033 | D:4      | Got the Tome of Transposed Striking
  2094 | D:4      | Noticed a sky beast
  2127 | D:4      | Killed a sky beast
  2208 | D:4      | Reached XP level 7. HP: 35/35 MP: 8/8
  2474 | D:2      | Killed Sigmund
  2768 | D:5      | Entered Level 5 of the Dungeon
  2952 | D:5      | Gained mutation: You have razor-sharp teeth. [Vine Stalker
                  | growth]
  2952 | D:5      | Reached XP level 8. HP: 38/40 MP: 6/9
  3666 | D:6      | Found a staircase to the Ecumenical Temple.
  3669 | D:6      | Noticed Prince Ribbit
  3685 | D:6      | Killed Prince Ribbit
  3694 | Temple   | Entered the Ecumenical Temple
  3700 | Temple   | Became a worshipper of Uskayaw the Reveller
  3731 | D:6      | Noticed Eustachio
  3750 | Temple   | Reached * piety under Uskayaw
  3826 | D:6      | Reached ** piety under Uskayaw
  3828 | D:6      | Reached *** piety under Uskayaw
  3829 | D:6      | Killed Eustachio
  3830 | D:6      | Reached skill level 1 in Invocations
  3924 | D:6      | Reached skill level 2 in Invocations
  3951 | D:6      | Reached XP level 9. HP: 43/46 MP: 9/11
  3960 | D:6      | Reached **** piety under Uskayaw
  4006 | D:6      | Reached skill level 3 in Invocations
  4051 | D:6      | Noticed Menkaure
  4060 | D:6      | Killed Menkaure
  4725 | D:7      | Reached skill level 5 in Fighting
  4738 | D:7      | Reached ***** piety under Uskayaw
  4773 | D:7      | Reached skill level 4 in Invocations
  4937 | D:7      | Noticed Joseph
  5100 | D:7      | Identified the +1 trident of the Conjuring Gods {protect,
                  | Will+}
  5170 | D:7      | Killed Joseph
  5180 | D:7      | Reached skill level 5 in Invocations
  5210 | D:7      | Found a bloodstained altar of Trog.
  5213 | D:7      | Found a stormy altar of Qazlal.
  5218 | D:7      | Found an opulent altar of Gozag.
  5501 | D:8      | Reached XP level 10. HP: 35/49 MP: 8/14
  5647 | D:8      | Reached skill level 5 in Shields
  5647 | D:8      | Noticed a two-headed ogre
  5689 | D:8      | Killed a two-headed ogre
  5728 | D:8      | Reached skill level 6 in Invocations
  5986 | D:8      | Found a staircase to the Lair.
  6028 | D:8      | HP: 2/53 [orc warrior/bolt (11)]
  6141 | D:8      | Reached skill level 5 in Armour
  7015 | D:9      | Noticed Maurice
  7043 | D:9      | Reached skill level 7 in Invocations
  7062 | D:9      | HP: 2/53 [killer bee (6)]
  7117 | D:9      | Reached ****** piety under Uskayaw
  7132 | D:9      | Killed Maurice
  7196 | D:9      | Found a blossoming altar of Fedhas.
  7557 | D:10     | Entered Level 10 of the Dungeon
  7626 | D:10     | Killed an unseen horror
  7627 | D:10     | Reached skill level 8 in Invocations
  7627 | D:10     | Reached XP level 11. HP: 53/58 MP: 15/18
  7666 | D:10     | Noticed Amaemon
  7684 | D:10     | Killed Amaemon
  7697 | D:10     | Found a staircase to the Orcish Mines.
  7737 | D:10     | Found Kakuh's Armour Shoppe.
  7751 | D:10     | Bought the +1 cloak of Cygo {rPois rN+ Regen+ Dex-2} for
                  | 227 gold pieces
  7922 | D:10     | Reached skill level 10 in Short Blades
  7922 | D:10     | Reached skill level 9 in Invocations
  7985 | D:10     | Found a radiant altar of Vehumet.
  7993 | D:10     | Found an ornate altar of the Wu Jian Council.
  7998 | D:10     | Found an iron altar of Okawaru.
  8009 | D:10     | Found a shimmering blue altar of Sif Muna.
  8016 | D:10     | Found an ancient bone altar of Kikubaaqudgha.
  8022 | D:10     | Found a sacrificial altar of Ru.
  8029 | D:10     | Found a shadowy altar of Dithmenos.
  8352 | D:10     | Noticed a two-headed ogre
  8355 | D:10     | Noticed a cyclops
  8367 | D:10     | Killed a two-headed ogre
  8378 | D:10     | Killed a cyclops
  8781 | D:11     | Noticed a manticore
  8796 | D:11     | Killed a manticore
  8852 | D:11     | Noticed Gastronok
  8858 | D:11     | Noticed a cyan ugly thing
  8863 | D:11     | Noticed a two-headed ogre
  8869 | D:11     | Killed Gastronok
  8870 | D:11     | Reached skill level 10 in Invocations
  8879 | D:11     | Killed a two-headed ogre
  8880 | D:11     | Killed a cyan ugly thing
  9163 | D:11     | Reached XP level 12. HP: 59/65 MP: 17/20
  9584 | D:11     | Found a faded altar of an unknown god.
  9586 | D:11     | Found a hazy altar of Hepliaklqana.
  9791 | Lair:1   | Entered Level 1 of the Lair of Beasts
  9802 | Lair:1   | Reached skill level 11 in Invocations
 10116 | Lair:1   | Found a dark tunnel.
 10127 | Volcano  | Entered a volcano
 10147 | Volcano  | Noticed a hell knight
 10158 | Volcano  | Killed a hell knight
 10302 | Volcano  | Noticed a sun demon
 10313 | Volcano  | Killed a sun demon
 10566 | Lair:1   | Identified the +7 war axe of Vyamat {spect, MP+9}
 11035 | Lair:2   | Found a staircase to the Snake Pit.
 11044 | Lair:2   | Reached skill level 12 in Invocations
 11168 | Lair:2   | Reached XP level 13. HP: 66/70 MP: 23/23
 11177 | Lair:2   | Found a runed translucent door.
 11178 | Lair:2   | Noticed SEAkua's ghost (journeyman MiFi)
 12202 | Lair:3   | Noticed Snorg
 12213 | Lair:3   | Killed Snorg
 12742 | Lair:3   | Found a staircase to the Shoals.
 12794 | Lair:3   | Reached skill level 1 in Evocations
 13000 | Lair:4   | Reached skill level 13 in Invocations
 13678 | Lair:5   | Entered Level 5 of the Lair of Beasts
 13841 | Lair:5   | Found a staircase to the Slime Pits.
 13977 | Lair:5   | Reached XP level 14. HP: 58/76 MP: 25/25
 13980 | Lair:5   | Reached skill level 10 in Fighting
 14539 | Lair:5   | Found a runed translucent door.
 14546 | Lair:5   | Reached skill level 14 in Invocations
 14576 | Lair:5   | Paralysed by a hornet for 1 turns
 15036 | Orc:1    | Entered Level 1 of the Orcish Mines
 15629 | Orc:2    | Entered Level 2 of the Orcish Mines
 15684 | Orc:2    | Found a staircase to the Elven Halls.
 15899 | Orc:2    | Found Zoemauju's Jewellery Boutique.
 15970 | Orc:2    | Found Weskouf's Distillery.
 16022 | Orc:2    | Found Nerch's General Store.
 16147 | Orc:2    | Bought a scroll of teleportation for 36 gold pieces
 16147 | Orc:2    | Bought a scroll of blinking for 90 gold pieces
 16334 | Orc:2    | Reached XP level 15. HP: 59/81 MP: 23/27
 16677 | Orc:2    | Reached skill level 5 in Evocations
 16690 | Orc:2    | Reached skill level 15 in Invocations
 16723 | Orc:2    | Found Firchy's Antique Armour Shoppe.
 16723 | Orc:2    | Found Suheec's Book Emporium.
 16724 | Orc:2    | Found a one-way gate leading to the halls of Pandemonium.
 16730 | Orc:2    | Bought a faintly glowing ring mail for 207 gold pieces
 16730 | Orc:2    | Identified the +5 ring mail of Nice Lucidity {Harm rF+
                  | rCorr} (You bought it in a shop on level 2 of the Orcish
                  | Mines)
 16730 | Orc:2    | Bought a shiny helmet for 172 gold pieces
 16730 | Orc:2    | Bought a distressingly furry ring mail for 207 gold pieces
 16730 | Orc:2    | Identified the +4 ring mail "Usaamur" {rF- rC++ Str+5} (You
                  | bought it in a shop on level 2 of the Orcish Mines)
 16842 | Orc:2    | Bought a +4 ring of protection for 360 gold pieces
 17293 | D:10     | Bought a +0 pair of gloves for 49 gold pieces
 17346 | Orc:2    | Bought 3 scrolls of enchant weapon for 270 gold pieces
 17346 | Orc:2    | Bought a scroll of enchant armour for 90 gold pieces
 18128 | D:12     | Reached skill level 1 in Throwing
 18197 | D:12     | Reached skill level 1 in Dodging
 19063 | D:14     | Noticed Urug
 19063 | D:14     | Noticed Nessos
 19063 | D:14     | Found a gate to the Vaults.
 19077 | D:14     | Killed Urug
 19083 | D:14     | Killed Nessos
 19149 | D:14     | Found a broken altar of Ashenzari.
 19533 | D:14     | Noticed Jorgrun
 19544 | D:14     | Killed Jorgrun
 19545 | D:14     | Reached XP level 16. HP: 14/86 MP: 17/28
 19636 | D:15     | Entered Level 15 of the Dungeon
 20287 | D:15     | Found a staircase to the Depths.
 20405 | D:15     | Found a portal to a secret trove of treasure.
 20731 | Orc:2    | Bought a pair of boots for 103 gold pieces
 20774 | Elf:1    | Entered Level 1 of the Elven Halls
 20792 | Elf:1    | Reached skill level 16 in Invocations
 20887 | Elf:1    | Found a transporter.
 20891 | Elf:1    | Found an ornate altar of the Wu Jian Council.
 20893 | Elf:1    | Found a transporter.
 20909 | Elf:1    | Found a transporter.
 20929 | Elf:1    | Found a transporter.
 20930 | Elf:1    | Found an ornate altar of the Wu Jian Council.
 20930 | Elf:1    | Noticed a deep elf blademaster
 21093 | Elf:1    | Identified the +6 trident "Yfydghuery" {drain, rCorr Int+3}
 21494 | Elf:1    | Noticed a Hell Sentinel
 21498 | Elf:1    | Noticed a Tzitzimitl
 21640 | Elf:1    | Noticed Kirke
 21648 | Elf:1    | Killed Kirke
 21802 | Elf:1    | Noticed an Ice Fiend
 21931 | Elf:1    | Found a runed translucent gate.
 21931 | Elf:1    | Found a runed translucent gate.
 21931 | Elf:1    | Found a runed translucent gate.
 21931 | Elf:1    | Found a runed translucent gate.
 21931 | Elf:1    | Found a runed translucent gate.
 21932 | Elf:1    | Found a runed translucent gate.
 21932 | Elf:1    | Noticed a shadow dragon
 21933 | Elf:1    | Noticed a storm dragon
 21965 | Elf:1    | Killed a storm dragon
 22009 | Elf:1    | Killed a shadow dragon
 22155 | Elf:2    | Noticed Roxanne
 22176 | Elf:2    | Reached XP level 17. HP: 62/91 MP: 20/30
 22242 | Elf:2    | Identified the +2 robe "Bouffoan" {Dex+2}
 22434 | Elf:2    | Found a runed translucent gate.
 22434 | Elf:2    | Found a runed translucent gate.
 22435 | Elf:2    | Found a runed translucent gate.
 22472 | Elf:2    | Noticed Donald
 22506 | Elf:2    | Killed Donald
 22681 | Elf:2    | Reached skill level 10 in Shields
 23260 | Elf:2    | Noticed Aizul
 23274 | Elf:2    | HP: 1/93 [+2 glaive of venom (21)]
 23275 | Elf:2    | Succumbed to a +2 glaive of venom's poison

Illustrated notes

Levels and vault maps discovered:
D:1:      amcnicky_arrival_gap_in_the_tavern_cellar, layout_rooms,
          hellmonk_ecumenical_altar_arch_garden
D:2:      layout_rooms, basic_altar, corexii_shack, uniq_sigmund, uniq_robin
D:3:      layout_rooms, cheibrodos_sewer_entry_bend, grunt_ministairs_2,
          lightli_corner_chamber
D:4:      layout_gridville, serial_rivers, chequers_serial_rivers_micro_e,
          chequers_serial_rivers_small_3, chequers_serial_rivers_small_b,
          chequers_serial_rivers_micro_b, minmay_box_of_dots
D:5:      layout_basic, serial_park_tiny_pond
D:6:      layout_cave_pods, minmay_temple_entry_glass, uniq_menkaure,
          uniq_eustachio, uniq_prince_ribbit1
D:7:      layout_rooms, grunt_temple_overflow_diamond, uniq_joseph
D:8:      layout_basic, erik_lair_orcish_takeover
D:9:      layout_basic, mainiacjoe_overflow_chevrons, serial_curves,
          eino_curves_01, eino_curves_02, uniq_maurice
D:10:     layout_roguey, grunt_temple_overflow_octagram, orc_david_3,
          kennysheep_big_empty_room, hangedman_decor_riveting,
          kennysheep_diamond, uniq_amaemon
D:11:     layout_basic, beargit_hepliaklqana_dungeon_heroes, uniq_gastronok
D:12:     layout_irregular_city
D:13:     layout_cave_pools, minmay_misc_feat_ornament
D:14:     layout_roguey, david_vaults_3, evilmike_ruin_ashenzari, uniq_jorgrun
D:15:     hangedman_depths_entry_try_elsewhere_first, layout_irregular_city,
          hex_medium, enter_trove_5
Temple:   chequers_temple_sunken
Lair:1:   layout_regular_city, nicolae_volcano_entry_batcave
Lair:2:   layout_gridlike, nicolae_snake_entry_warm_welcome,
          gammafunk_ghost_grave, nzn_random_ring
Lair:3:   hellmonk_destroyed_diamonds, layout_misc_corridors,
          minmay_shoals_entry_hut, uniq_snorg
Lair:4:   layout_gridlike, roderic_carrion_pond, grunt_megastairs_2
Lair:5:   wormcave, layout_gridlike, nicolae_slime_entry_slimehenge,
          grunt_megastairs_4, uniq_nessos
Orc:1:    layout_caves, basic_altar, mines1_david
Orc:2:    pf_orc_diabolical, layout_caves, serial_shops, nicolae_shop_trees
Elf:1:    dreamdust_wu_jian_sword_trials, layout_geoelf_octagon, orc_legates,
          uniq_kirke
Elf:2:    elven_hall_of_blades_hangedman_original
          [nicolae_blade_entry_area_security], layout_geoelf_octagon,
          uniq_roxanne, uniq_donald, uniq_aizul

Skill      XL: |  1  2  3  4  5  6  7  8  9 10 11 12 13 14 15 16 17 |
---------------+----------------------------------------------------+-----
Short Blades   | 2 3 4 5 6 7 8 9 10 11 12 13 | 13.6
Fighting       | 3 4 5 6 8 9 10 11 | 11.7
Shields        | 3 4 5 6 7 8 9 10 | 10.1
Armour         | 3 4 5 7 8 9 |  9.5
Invocations    | 2 5 8 10 12 13 14 15 16 | 16.8
Evocations     | 2 4 5 6 7 |  7.4
Throwing       | 2 4 |  4.9
Dodging        | 2 3 4 |  4.0

Action                     |  1- 3 |  4- 6 |  7- 9 | 10-12 | 13-15 | 16-18 || total
---------------------------+-------+-------+-------+-------+-------+-------++-------
  Melee: Rapier            |    92 |   218 |   362 |   515 |  1246 |   602 ||  3035
         Bite              |    24 |    56 |   139 |   273 |   585 |   245 ||  1322
         Dagger            |       |       |    77 |   288 |       |       ||   365
  Throw: Dart              |       |       |     2 |     8 |    25 |       ||    35
         Boomerang         |       |       |       |       |    55 |    35 ||    90
 Invoke: Line Pass         |       |       |     1 |     3 |     2 |     1 ||     7
         Stomp             |       |       |       |     9 |    12 |     2 ||    23
         Grand Finale      |       |       |       |       |     3 |     2 ||     5
  Evoke: Wand              |       |       |       |     1 |     6 |       ||     7
    Use: Scroll            |     1 |     1 |    20 |     5 |     5 |     3 ||    35
         Potion            |       |       |       |       |       |     3 ||     3
   Stab: Paralysed         |       |       |    11 |    48 |   119 |    35 ||   213
         Confused          |       |       |       |     2 |     1 |     1 ||     4
 Armour: Scale mail        |    35 |    10 |       |       |       |       ||    45
         Chain mail        |       |    98 |   169 |    28 |   424 |       ||   719
         Plate armour      |       |       |       |   393 |       |       ||   393
         Fire dragon scale |       |       |       |     9 |       |       ||     9
         Ring mail         |       |       |       |     1 |   146 |   203 ||   350
  Dodge: Dodged            |    38 |    45 |    98 |   164 |   264 |   124 ||   733
  Block: Buckler           |    21 |    33 |    63 |   124 |       |       ||   241
         Kite shield       |       |       |       |    94 |   505 |   193 ||   792
